 Dungeon Crawl Stone Soup version 0.31-a0-180-g519b7de00c (webtiles) character file.

Game seed: 6267664370719951290

280 qw the Shooter (level 6, -2/56 HPs)
             Began as a Naga Hunter on June 19, 2023.
             Slain by Eustachio
             ... wielding a +2 rapier of electrocution
              (17 damage)
             ... on level 4 of the Dungeon.
             The game lasted 00:00:45 (2664 turns).

qw the Shooter (Naga Hunter)                        Turns: 2664, Time: 00:00:45

Health: -2/56      AC:  4    Str: 13    XL:     6   Next: 27%
Magic:  6/6        EV: 14    Int:  9    God:
Gold:   235        SH:  0    Dex: 17    Spells: 5/5 levels left

rFire   + . .        Y - +1 shortbow
rCold   + . .        (shield currently unavailable)
rNeg    . . .        c - +0 leather armour
rPois   +            h - +0 helmet of Elyvilon's Reproof {rF+ rC+ Will+}
rElec   .            (no cloak)
rCorr   .            (no gloves)
SInv    +            (no barding)
Will    +....        (no amulet)
Stlth   ++           k - +5 ring of evasion
HPRegen 0.29/turn    (no ring)
MPRegen 0.10/turn

%: no passive effects
@: very slow
A: AC +2, large, see invisible, deformed body, poison resistance, slowness 2,
spit poison 1, naga tail 1
a: Spit Poison


You were on level 4 of the Dungeon.
You visited 1 branch of the dungeon, and saw 4 of its levels.

You collected 235 gold pieces.


Innate Abilities, Weirdness & Mutations

Your serpentine skin is tough. (AC +2)
You have supernaturally acute eyesight. (SInv)
Armour fits poorly on your strangely shaped body.
Your system is resistant to poisons. (rPois)
You cover ground very slowly.
You can spit poison.
You have a snake-like lower body.


   Skills:
 + Level 3.3 Fighting
 - Level 6.2 Ranged Weapons
 - Level 1.5 Dodging
 - Level 1.5 Stealth


You had 5 spell levels left.
You didn't know any spells.
Your spell library was empty.

Inventory:

Hand Weapons
 Y - a +1 shortbow (weapon)
Armour
 b - a +0 pair of gloves
 c - a +0 leather armour (worn)
 h - the +0 helmet of Elyvilon's Reproof (worn) {rF+ rC+ Will+}
   (You found it on level 3 of the Dungeon)

   rF:        It protects you from fire.
   rC:        It protects you from cold.
   Will:      It increases your willpower.
Jewellery
 k - a +5 ring of evasion (left hand)
Scrolls
 n - 3 scrolls of identify
Potions
 a - a potion of heal wounds {unknown}
 e - a potion of magic {unknown}
 f - a potion of resistance {unknown}
 g - a potion of might
 j - a potion of lignification {unknown}
 l - a potion of mutation {unknown}
 m - a potion of curing {unknown}

Dungeon Overview and Level Annotations

Branches:
Dungeon (4/15)
 Temple: D:4-7

Altars:

Annotations:
D:4 Eustachio


Message History

You shoot an arrow. The arrow hits the jelly.
The jelly is severely wounded.
The jelly closely misses you. The quokka misses you.
The river rat closely misses you.
You shoot an arrow. The arrow hits the jelly!
You kill the jelly!
The quokka bites you. x2; The river rat bites you.
You shoot an arrow. The arrow closely misses Eustachio.
The quokka bites you. The quokka closely misses you.
Eustachio mumbles some strange words.
Eustachio blinks!
The river rat bites you but does no damage.
The quokka barely misses you. The quokka bites you.
You shoot an arrow. The arrow closely misses the river rat.
You have got your breath back.
The quokka closely misses you.
The quokka bites you but does no damage.
The river rat barely misses you.
2662 ||| INVOKING Spit Poison.
Aiming: Spit Poison (1% risk of failure)
Press: ? - help, Shift-Dir - straight line, f - Eustachio, p - river rat The splash of poison hits Eustachio.
Eustachio is poisoned.
Eustachio is lightly wounded.
The quokka bites you. The quokka closely misses you.
The river rat barely misses you.
Eustachio hits you with a +2 rapier of electrocution.
You shoot an arrow. The arrow hits Eustachio.
Eustachio is lightly wounded.
The quokka bites you.
The quokka twitches its whiskers.
The quokka closely misses you. The river rat closely misses you.
Eustachio hits you with a +2 rapier of electrocution.
The quokka barely misses you.
You shoot an arrow. The arrow closely misses Eustachio.
You have got your breath back.
The quokka closely misses you. The river rat barely misses you.
The quokka misses you.
Eustachio hits you with a +2 rapier of electrocution.
You are electrocuted!
You die...

#######
#..... #@r###
# #r@r.#.#
####.##.#.#
...>......#
###.###.###.#
#.#.......#
#.#.#.#####
#.#.#.#
#.#.#.#
#.#.#.#


You could see Eustachio (poisoned), a river rat (summoned) and 2 quokkas.

Vanquished Creatures
  A black bear (D:4)
  A scorpion (D:4)
  A jelly (D:4)
  A gnoll (D:1)
  2 adders
  An ufetubus (D:3)
  2 worms (D:2)
  3 dart slugs
  2 orcs (D:4)
  3 ball pythons
  8 endoplasms
  4 giant cockroaches
  5 goblins
  3 hobgoblins
  2 jackals (D:1)
  2 quokkas
  5 bats
  3 frilled lizards (D:3)
  2 kobolds
  4 rats
55 creatures vanquished.

Notes
Turn   | Place    | Note
-------+----------+-------------------------------------------
     0 | D:1      | qw the Naga Hunter began the quest for the Orb.
     0 | D:1      | Reached XP level 1. HP: 19/19 MP: 1/1
     0 | D:1      | 0 ||| qw: Version: 0.3-a-7-ge0c9b40
     0 | D:1      | 0 ||| qw: Game counter: 952
     0 | D:1      | 0 ||| qw: Always use a shield: true
     0 | D:1      | 0 ||| qw: God list: Okawaru
     0 | D:1      | 0 ||| qw: Allow faded altars: false
     0 | D:1      | 0 ||| qw: Do Orc after D:15 true
     0 | D:1      | 0 ||| qw: Do second Lair branch before Depths: true
     0 | D:1      | 0 ||| qw: Lair rune preference: random
     0 | D:1      | 0 ||| qw: Plans: Normal
     0 | D:1      | 0 ||| PLANNING D:1-11
    35 | D:1      | 35 ||| FLEEEEING.
    36 | D:1      | 36 ||| FLEEEEING.
    37 | D:1      | 37 ||| FLEEEEING.
    39 | D:1      | 39 ||| FLEEEEING.
    40 | D:1      | 40 ||| FLEEEEING.
    50 | D:1      | 50 ||| INVOKING Spit Poison.
    72 | D:1      | 72 ||| INVOKING Spit Poison.
    73 | D:1      | 73 ||| INVOKING Spit Poison.
    74 | D:1      | Reached skill level 4 in Ranged Weapons
    74 | D:1      | Reached XP level 2. HP: 26/26 MP: 2/2
    83 | D:1      | 83 ||| INVOKING Spit Poison.
    91 | D:1      | 91 ||| INVOKING Spit Poison.
   140 | D:1      | 140 ||| INVOKING Spit Poison.
   151 | D:1      | 151 ||| INVOKING Spit Poison.
   262 | D:1      | 262 ||| INVOKING Spit Poison.
   263 | D:1      | Reached XP level 3. HP: 32/32 MP: 3/3
   466 | D:1      | 466 ||| INVOKING Spit Poison.
   638 | D:1      | 638 ||| INVOKING Spit Poison.
   718 | D:1      | 718 ||| READING scroll labelled RYECRA POETYS.
   719 | D:1      | 719 ||| DROPPING scroll of butterflies.
   752 | D:2      | 752 ||| INVOKING Spit Poison.
   788 | D:2      | 788 ||| INVOKING Spit Poison.
   802 | D:2      | 802 ||| INVOKING Spit Poison.
   828 | D:2      | 828 ||| INVOKING Spit Poison.
  1095 | D:2      | 1095 ||| INVOKING Spit Poison.
  1122 | D:2      | 1122 ||| INVOKING Spit Poison.
  1153 | D:2      | 1153 ||| INVOKING Spit Poison.
  1159 | D:2      | Reached skill level 5 in Ranged Weapons
  1159 | D:2      | Reached XP level 4. HP: 39/39 MP: 4/4
  1162 | D:2      | 1162 ||| INVOKING Spit Poison.
  1225 | D:2      | 1225 ||| INVOKING Spit Poison.
  1458 | D:2      | 1458 ||| READING scroll labelled PEKIFA KAUDAD.
  1459 | D:2      | 1459 ||| READING scroll labelled QODWAIM WO HUH.
  1460 | D:2      | 1460 ||| READING scroll labelled ZIRUHYNNUI.
  1479 | D:3      | 1479 ||| INVOKING Spit Poison.
  1506 | D:3      | 1506 ||| INVOKING Spit Poison.
  1514 | D:3      | 1514 ||| INVOKING Spit Poison.
  1542 | D:3      | 1542 ||| INVOKING Spit Poison.
  1589 | D:3      | 1589 ||| INVOKING Spit Poison.
  1700 | D:3      | 1700 ||| INVOKING Spit Poison.
  1716 | D:3      | 1716 ||| INVOKING Spit Poison.
  1720 | D:3      | 1720 ||| INVOKING Spit Poison.
  1763 | D:3      | Identified the +0 helmet of Elyvilon's Reproof {rF+ rC+
                  | Will+}
  1783 | D:3      | 1783 ||| INVOKING Spit Poison.
  1912 | D:3      | 1912 ||| INVOKING Spit Poison.
  2001 | D:3      | 2001 ||| INVOKING Spit Poison.
  2026 | D:3      | 2026 ||| INVOKING Spit Poison.
  2090 | D:3      | 2090 ||| INVOKING Spit Poison.
  2122 | D:3      | 2122 ||| INVOKING Spit Poison.
  2126 | D:3      | 2126 ||| INVOKING Spit Poison.
  2232 | D:3      | 2232 ||| UPGRADING to +0 helmet of Elyvilon's Reproof {rF+
                  | rC+ Will+}.
  2237 | D:3      | 2237 ||| UPGRADING to +5 ring of evasion.
  2238 | D:3      | 2238 ||| READING scroll labelled VUUDIRH VI RESK.
  2239 | D:3      | 2239 ||| READING scroll labelled SERCHU PAQEDIA.
  2240 | D:3      | 2240 ||| DRINKING 2 coppery potions.
  2241 | D:3      | 2241 ||| DRINKING 3 clear potions.
  2242 | D:3      | 2242 ||| DROPPING 2 potions of brilliance.
  2347 | D:4      | 2347 ||| INVOKING Spit Poison.
  2425 | D:4      | 2425 ||| INVOKING Spit Poison.
  2429 | D:4      | Reached skill level 3 in Fighting
  2495 | D:4      | 2495 ||| INVOKING Spit Poison.
  2514 | D:4      | Noticed a scorpion
  2517 | D:4      | 2517 ||| INVOKING Spit Poison.
  2520 | D:4      | 2520 ||| INVOKING Spit Poison.
  2523 | D:4      | Killed a scorpion
  2524 | D:4      | Reached XP level 5. HP: 38/49 MP: 5/5
  2649 | D:4      | Noticed a black bear
  2650 | D:4      | 2650 ||| INVOKING Spit Poison.
  2653 | D:4      | Noticed Eustachio
  2655 | D:4      | Killed a black bear
  2656 | D:4      | Reached skill level 6 in Ranged Weapons
  2656 | D:4      | Reached XP level 6. HP: 39/56 MP: 6/6
  2657 | D:4      | 2657 ||| INVOKING Spit Poison.
  2662 | D:4      | 2662 ||| INVOKING Spit Poison.
  2664 | D:4      | Slain by Eustachio

Levels and vault maps discovered:
D:1:      minmay_arrival_loop, layout_basic, chequers_serial_rivers_small_b
D:2:      layout_basic
D:3:      layout_basic, chequers_serial_rivers_small_a
D:4:      layout_basic, nicolae_sif_muna_little_library, roderic_batcave,
          uniq_eustachio

Skill      XL: |  1  2  3  4  5 |
---------------+----------------+-----
Ranged Weapons | 4 5 6 |  6.2
Fighting       | 3 |  3.3
Dodging        | |  1.5
Stealth        | |  1.5

Action                     |  1- 3 |  4- 6 || total
---------------------------+-------+-------++-------
   Fire: Shortbow          |    42 |    54 ||    96
Ability: Spit Poison       |    16 |    25 ||    41
    Use: Scroll            |     1 |     5 ||     6
         Potion            |       |     2 ||     2
 Armour: Leather armour    |     1 |     9 ||    10
  Dodge: Dodged            |     4 |    39 ||    43

Table legend:
 A = Non-vault XP
 B = Vault XP
 C = Vault XP percentage of total XP
 D = Non-vault monster count
 E = Vault monster count
 F = Vault count percentage of total count
                 A         B        C        D         E       F
            +---------+---------+-------+---------+---------+-------
      Total |     401 |       0 |   0.0 |      55 |       0 |   0.0
            +---------+---------+-------+---------+---------+-------
        D:1 |      46 |       0 |   0.0 |      18 |       0 |   0.0
        D:2 |      40 |       0 |   0.0 |      12 |       0 |   0.0
        D:3 |      50 |       0 |   0.0 |      18 |       0 |   0.0
        D:4 |     265 |       0 |   0.0 |       7 |       0 |   0.0
            +---------+---------+-------+---------+---------+-------
